 Dungeon Crawl Stone Soup version 0.27-a0-1105-g946c659c87 (webtiles) character file.

Game seed: 15850385303652485962

35 rjrrt the Chopper (level 3, -1/29 HPs)
             Began as a Demonspawn Berserker on Apr 30, 2021.
             Was a Believer of Trog.
             Succumbed to an adder's poison
             ... on level 2 of the Dungeon.
             The game lasted 00:01:49 (1128 turns).

rjrrt the Chopper (Demonspawn Berserker)            Turns: 1128, Time: 00:01:50

Health: -1/29      AC:  2    Str: 18    XL:     3   Next: 17%
Magic:  3/3        EV: 16    Int:  8    God:    Trog [**....]
Gold:   85         SH:  0    Dex: 18    Spells: 2/2 levels left

rFire    . . .     SeeInvis .   a - +0 hand axe
rCold    . . .     Faith    .   (no shield)
rNeg     . . .     Spirit   .   b - +0 animal skin
rPois    .         Reflect  .   (no helmet)
rElec    .         Harm     .   (no cloak)
rCorr    .         Rampage  .   (no gloves)
Will     .....                  (no boots)
Stlth    ++........             (no amulet)
HPRegen  0.09/turn              e - +4 ring of evasion
MPRegen  0.16/turn              d - +6 ring of dexterity

@: lethally poisoned (-1 -> -12)
A: ignite blood 1, magic regeneration
a: Renounce Religion, Berserk, Trog's Hand


You were on level 2 of the Dungeon.
You worshipped Trog.
Trog was pleased with you.
You visited 1 branch of the dungeon, and saw 2 of its levels.

You collected 85 gold pieces.

Inventory:

Hand Weapons
 a - a +0 hand axe (weapon)
Armour
 b - a +0 animal skin (worn)
Jewellery
 d - a +6 ring of dexterity (right hand)
 e - a +4 ring of evasion (left hand)
Potions
 c - a potion of invisibility {unknown}
 f - a potion of might {unknown}


   Skills:
 - Level 3.0 Fighting
 + Level 3.9 Axes
 - Level 1.7 Armour
 - Level 1.7 Dodging


You had 2 spell levels left.
You didn't know any spells.
Your spell library was empty.

Dungeon Overview and Level Annotations

Branches:
Dungeon (2/15)

Altars:

Shops:
D:1 (*


Innate Abilities, Weirdness & Mutations

Your demonic aura sometimes causes spilled blood to erupt in flames You regenerate magic rapidly.


Message History

The adder completely misses you.
You completely miss the adder. You hit the bat.
You kill the bat!
Trog accepts your kill. The adder bites you.
You are poisoned.
The adder poisons you! The adder closely misses you.
Unknown command.
You closely miss the adder.
You feel sick. The adder misses you.
You barely miss the adder.
You feel sick. The adder bites you.
You are more poisoned.
The adder poisons you! The adder bites you.
You completely miss the adder.
You feel sick. The adder bites you.
Unknown command.
You miss the adder.
You feel sick. The adder misses you.
Unknown command.
You are too injured to fight recklessly!
You are too injured to fight recklessly!
Unknown command.
You are too injured to fight recklessly!
You are too injured to fight recklessly!
You hit the adder.
The adder is severely wounded.
You feel sick. The adder barely misses you. The adder closely misses you.
You closely miss the adder.
The adder is severely wounded.
You feel sick. The adder bites you.
* * * LOW HITPOINT WARNING * * *
You are more poisoned.
The adder poisons you!
You hit the adder but do no damage.
The adder is severely wounded.
* * * LOW HITPOINT WARNING * * *
You feel sick. The adder bites you.
* * * LOW HITPOINT WARNING * * *
You are more poisoned.
The adder poisons you! The adder misses you.
You barely miss the adder.
The adder is severely wounded.
You die...

.. #..#
######......#
#..##
###....#
##..###
##...#
#....######
#####
##.#......#
###.######.#
#....# #.##.#
#@####
#.S†..#
#..≈.^#
+.≈♣≈.+ #.!
..# #.. ..#
### ###


You could see an adder.

Vanquished Creatures
  2 worms (D:2)
  2 endoplasms (D:1)
  2 giant cockroaches
  2 goblins
  A hobgoblin (D:1)
  4 jackals (D:1)
  3 ball pythons (D:1)
  6 bats
  A frilled lizard (D:2)
  2 kobolds (D:2)
  3 rats
28 creatures vanquished.

Notes
Turn   | Place    | Note
-------+----------+-------------------------------------------
     0 | D:1      | rjrrt the Demonspawn Berserker began the quest for the Orb.
     0 | D:1      | Reached XP level 1. HP: 18/18 MP: 1/1
   125 | D:1      | Found Kauweecu's General Store.
   216 | D:1      | Gained mutation: You regenerate magic rapidly. [demonic
                  | ancestry]
   216 | D:1      | Reached XP level 2. HP: 24/24 MP: 2/2
   284 | D:1      | Found a faded altar of an unknown god.
   441 | D:1      | Found Lonwem Tuxe's Weapon Boutique.
   906 | D:2      | Gained mutation: Your demonic aura sometimes causes spilled
                  | blood to erupt in flames [demonic ancestry]
   906 | D:2      | Reached XP level 3. HP: 18/29 MP: 3/3
   910 | D:2      | Reached ** piety under Trog
  1128 | D:2      | Succumbed to an adder's poison

Illustrated notes

Levels and vault maps discovered:
D:1:      lemuel_arrival_muddy, layout_rooms,
          hellmonk_ecumenical_altar_arch_garden, serial_shops,
          nicolae_shop_window_shopping, nicolae_shop_crystal
D:2:      layout_rooms, kennysheep_generic_room_13

Skill      XL: |  1 |
---------------+----+-----
Axes           | 3 |  3.9
Fighting       | |  3.0
Armour         | |  1.7
Dodging        | |  1.7

Action                   || total
-------------------------++-------
Melee: Hand axe          ||    86
Invok: Berserk           ||     2
  Use: Scroll            ||     1
 Stab: Sleeping          ||     1
Armor: Animal skin       ||    15
Dodge: Dodged            ||    68

Table legend: (Time is in decaauts)
 A = Elapsed time spent in this place.
 B = Non-inter-level travel time spent in this place.
 C = Inter-level travel time spent in this place.
 D = Time resting spent in this place.
 E = Time spent auto-exploring this place.
 F = Levels seen in this place.
 G = Mean time per level.
                   A        B        C        D        E       F      G
               +--------+--------+--------+--------+--------+-----+--------+
         Total |   1155 |   1130 |     25 |     25 |    893 |   2 |  577.5 |
       Dungeon |   1155 |   1130 |     25 |     25 |    893 |   2 |  577.5 |
               +--------+--------+--------+--------+--------+-----+--------+

Top non-repeatable levels by time:
     D:1: 709 daAuts
     D:2: 446 daAuts
